 Dungeon Crawl Stone Soup version 0.23.2 (webtiles) character file.

Game seed: 15715665307127085647

63 Borgoz the Cutter (level 4, 0/27 HPs)
             Began as a Gargoyle Gladiator on Apr 7, 2019.
             Slain by Sigmund
             ... wielding a +2 scythe of slicing
              (9 damage)
             ... on level 2 of the Dungeon.
             The game lasted 00:01:58 (892 turns).

Borgoz the Cutter (Gargoyle Gladiator)               Turns: 892, Time: 00:01:59

Health: 0/27       AC:  7    Str: 17    XL:     4   Next: 10%
Magic:  4/4        EV: 12    Int:  9    God:
Gold:   94         SH:  0    Dex: 12    Spells: 3/3 levels left

rFire    . . .     SeeInvis .   m - +0 short sword (drain)
rCold    . . .     Gourm    .   (no shield)
rNeg     + . .     Faith    .   b - +0 leather armour
rPois    ∞         Spirit   .   c - +0 helmet
rElec    +         Reflect  .   (no cloak)
rCorr    .         Harm     .   (no gloves)
MR       .....                  (no boots)
Stlth    +.........             (no amulet)
HPRegen  0.09/turn              (no ring)
MPRegen  0.09/turn              (no ring)

@: no status effects
A: negative energy resistance 1, electricity resistance, unbreathing,
petrification resistance, rot immunity, AC +3
a: no special abilities


You were on level 2 of the Dungeon.
You were not hungry.

You visited 1 branch of the dungeon, and saw 2 of its levels.

You collected 94 gold pieces.

Inventory:

Hand Weapons
 a - a +0 rapier
 m - a +0 short sword of draining (weapon)
Missiles
 d - 3 throwing nets (quivered)
Armour
 b - a +0 leather armour (worn)
 c - a +0 helmet (worn)
Scrolls
 e - 3 scrolls of identify {unknown}
 h - a scroll of amnesia {unknown}
 j - a scroll of enchant weapon {unknown}
 k - 2 scrolls of remove curse {unknown}
 p - a scroll of fear {unknown}
 q - a scroll of teleportation {unknown}
Potions
 i - a potion of degeneration {unknown}
 l - a potion of brilliance {unknown}
 n - a potion of heal wounds {unknown}
 o - 3 potions of curing {unknown}
Comestibles
 f - 4 rations
 g - 2 chunks of flesh


   Skills:
 + Level 2.7 Fighting
 * Level 3.3 Short Blades
 - Level 1.7 Throwing
 + Level 1.3 Armour
 * Level 3.0 Dodging


You had 3 spell levels left.
You didn't know any spells.
Your spell library was empty.

Dungeon Overview and Level Annotations

Branches:
Dungeon (2/15)

Altars:

Annotations:
D:2 Sigmund


Innate Abilities, Weirdness & Mutations

You are resistant to torment.
Your stone body is resilient. (AC +3)
You are immune to poison.
You resist negative energy. (rN+)
You are resistant to electric shocks. (rElec)
You can survive without breathing.
You are immune to petrification.
You are immune to rotting.


Message History

Sigmund closely misses you.
You hit Sigmund but do no damage. You drain Sigmund.
Sigmund is lightly wounded.
Sigmund barely misses you.
You hit Sigmund. You drain Sigmund.
Sigmund is moderately wounded.
Sigmund hits you but does no damage.
You hit Sigmund.
Sigmund is heavily wounded.
Sigmund gestures wildly while chanting.
Sigmund flickers and vanishes!
Deactivating autopickup; reactivate with Ctrl-A.
Something hits you!
You are too injured to fight recklessly!
You are too injured to fight recklessly!
You closely miss something. You miss something.
Something completely misses you.
You barely miss something. Something hits you.
You closely miss something. Something hits you!
You die...

###################
#.....##..........#
#.....##..........######
#...>...................
......##................
......##...................#
......##...................#
......##########@..........#
...............#{..........######
...(.........#.#.................
.............#.#..##.........<...
...#.#......##.#..##..####.......
...#.#.........#..##..#...(......
...#.#......########..#.###).....
...#.#......########..#.##(.<#...
####.###'#...÷........#[.(.#.....


There were no monsters in sight!

Vanquished Creatures
  2 adders (D:2)
  An ooze (D:1)
  A dart slug (D:1)
  A leopard gecko (D:1)
  A ball python (D:2)
  6 giant cockroaches
  2 goblins (D:1)
  A hobgoblin (D:1)
  2 quokkas (D:2)
  6 bats
  3 frilled lizards
  8 kobolds
  2 rats (D:1)
36 creatures vanquished.

Notes
Turn   | Place    | Note
-------+----------+-------------------------------------------
     0 | D:1      | Borgoz the Gargoyle Gladiator began the quest for the Orb.
     0 | D:1      | Reached XP level 1. HP: 12/12 MP: 1/1
    46 | D:1      | Reached XP level 2. HP: 16/17 MP: 2/2
   333 | D:1      | Reached XP level 3. HP: 22/22 MP: 3/3
   621 | D:2      | Reached skill level 1 in Armour
   770 | D:2      | Reached XP level 4. HP: 22/27 MP: 4/4
   880 | D:2      | Noticed Sigmund
   892 | D:2      | Slain by Sigmund

Skill      XL: |  1  2  3 |
---------------+----------+-----
Short Blades   | 3 |  3.3
Armour         | 1 |  1.3
Dodging        | 3 |  3.0
Fighting       | |  2.7
Throwing       | |  1.7

Action                   |  1- 3 |  4- 6 || total
-------------------------+-------+-------++-------
Melee: Rapier            |    70 |       ||    70
       Short sword       |    16 |    23 ||    39
Armor: Leather armour    |    36 |     8 ||    44
Dodge: Dodged            |    51 |    12 ||    63
